 Dungeon Crawl Stone Soup version 0.20.1-1-g8b1a95d (webtiles) character file.

562 Giltor the Vexing (level 7, -6/32 HPs)
             Began as a Spriggan Enchanter on Aug 31, 2017.
             Killed by divine providence
             ... invoked by an orc priest
              (13 damage)
             ... on level 5 of the Dungeon.
             The game lasted 00:52:21 (7051 turns).

Giltor the Vexing (Spriggan Enchanter)              Turns: 7051, Time: 00:52:22

Health: -6/32      AC: 10    Str:  6    XL:     7   Next: 10%
Magic:  2/14       EV: 18    Int: 16    God:
Gold:   237        SH:  0    Dex: 17    Spells: 6/15 levels left

rFire    . . .     SeeInvis +   o - +0 dagger (protect)
rCold    + . .     Gourm    .   (shield restricted)
rNeg     . . .     Faith    .   w - +1 robe {rC+}
rPois    +         Spirit   .   (helmet restricted)
rElec    .         Reflect  .   (no cloak)
rCorr    .         Harm     .   (gloves unavailable)
MR       +....                  (boots unavailable)
Stlth    ++++......             (no amulet)
Regen    0.1/turn               t - ring of poison resistance
MPRegen  0.2/turn               (no ring)

@: protection aura, very quick
A: unfitting armour, see invisible, herbivore 3, speed 3, slow metabolism 2
a: no special abilities


You were on level 5 of the Dungeon.
You were not hungry.

You visited 1 branch of the dungeon, and saw 5 of its levels.

You collected 237 gold pieces.

Inventory:

Hand Weapons
 a - a +1 dagger
 o - a +0 dagger of protection (weapon)
 u - a +0 dagger of speed
Armour
 w - a +1 robe of cold resistance (worn)
Jewellery
 t - a ring of poison resistance (left hand)
Scrolls
 b - a scroll of fear {unknown}
 f - 2 scrolls of remove curse
 g - 2 scrolls of blinking
 k - 2 scrolls of teleportation
 l - 2 scrolls of immolation
 m - a scroll of magic mapping
 p - a scroll of amnesia {unknown}
 s - a scroll of enchant weapon {unknown}
 x - a scroll of noise {unknown}
Potions
 d - 2 potions of lignification
 e - a potion of heal wounds
 h - a potion of agility
 i - a potion of brilliance {unknown}
 j - a potion of cancellation {unknown}
 n - a potion of curing
 q - a potion of mutation {unknown}
 r - a potion of ambrosia {unknown}
 v - a potion of flight
 z - 4 potions of degeneration
Books
 c - a book of Maledictions

   Spells                             Type                      Level
   a - Corona                         Hexes                        1
   b - Ensorcelled Hibernation        Hexes/Ice                    2
   c - Confuse                        Hexes                        3
   d - Tukima's Dance                 Hexes                        3
   e - Dazzling Spray                 Conjuration/Hexes            3


   Skills:
 - Level 3.2 Short Blades
 - Level 3.0 Dodging
 - Level 7.1 Stealth
 * Level 4.5 Spellcasting
 - Level 7.1 Hexes


You had 6 spell levels left.
You knew the following spells:

 Your Spells              Type           Power        Failure   Level  Hunger
a - Corona                Hex            ####...      1%          1    None
b - Ensorcelled Hibernat  Hex/Ice        ###...       5%          2    ##.....
c - Confuse               Hex            ####....     2%          3    ###....
d - Tukima's Dance        Hex            ####....     2%          3    ###....


Dungeon Overview and Level Annotations

Branches:
Dungeon (5/15)
 Temple: D:4-7

Altars:
Cheibriados
Qazlal
Trog
Uskayaw
Vehumet


Innate Abilities, Weirdness & Mutations

You are very small and have problems with some larger weapons.
You are too small for most types of armour.
You have supernaturally acute eyesight. (SInv)
You are a herbivore.
You cover ground extremely quickly.
You need consume almost no food.


Message History

The orc is severely wounded.
The orc hits you with a dagger.
You hit the orc but do no damage.
The orc is heavily wounded.
The orc barely misses you.
You hit the orc.
The orc is almost dead.
The orc priest misses you. The orc hits you but does no damage.
You hit the orc.
You kill the orc!
The orc priest misses you.
The orc priest calls down the wrath of Beogh upon you.
Beogh smites you!
* * * LOW HITPOINT WARNING * * *
You see here a dagger.
You see here an adder corpse.
You feel a little less agile now.
The orc priest invokes the aid of Beogh against you.
Beogh smites you!
You die...

#....### #...(.....#
#......####### #.........#
#....#.......##### #.........#
#....#######.....####....#####
###### #########......##.#####
#....########...#.....#
#........# #.#.......#
#.<...##.####.##.#†...#
#####.@..†o......#....#
#######).##..>..... ###
#..###....... #.##
##...#..#....# ##..#
#..#.#.##....# ##...# #.##.#.
#....# #..#.# ###.# .# #....#
#.##># #...# .. ######
#.##.########.#####..


You could see an orc priest.

Vanquished Creatures
  The ghost of supermoro the Stinger, an amateur GrVM (D:3)
  A hound (D:5)
  3 orc wizards
  A bullfrog skeleton (D:5)
  4 worker ants (D:4)
  3 gnolls (D:3)
  7 adders
  A shadow imp (D:5)
  An ooze (D:2)
  3 worms
  2 leopard geckos
  15 orcs
  2 ball pythons
  6 giant cockroaches
  9 goblins
  5 hobgoblins
  9 jackals
  4 quokkas
  A ball python skeleton (D:4)
  9 bats
  8 frilled lizards
  7 kobolds
  12 rats
114 creatures vanquished.

Notes
Turn   | Place    | Note
-------+----------+-------------------------------------------
     0 | D:1      | Giltor the Spriggan Enchanter began the quest for the Orb.
     0 | D:1      | Reached XP level 1. HP: 9/9 MP: 5/5
   469 | D:1      | Reached XP level 2. HP: 13/13 MP: 3/6
   473 | D:1      | Learned a level 2 spell: Ensorcelled Hibernation
   882 | D:1      | Reached skill level 5 in Stealth
   980 | D:1      | Reached XP level 3. HP: 6/16 MP: 6/8
  1298 | D:2      | Learned a level 3 spell: Confuse
  1783 | D:2      | Found a bloodstained altar of Trog.
  1784 | D:2      | Found a hide-covered altar of Uskayaw.
  1785 | D:2      | Found a radiant altar of Vehumet.
  2405 | D:2      | Reached skill level 5 in Hexes
  2491 | D:2      | Reached XP level 4. HP: 21/21 MP: 9/9
  3068 | D:3      | Found a snail-covered altar of Cheibriados.
  3494 | D:3      | Learned a level 3 spell: Tukima's Dance
  3790 | D:3      | Noticed supermoro's ghost (amateur GrVM)
  3834 | D:3      | Killed supermoro's ghost
  3834 | D:3      | Reached XP level 5. HP: 24/24 MP: 1/10
  4673 | D:4      | Found a stormy altar of Qazlal.
  4765 | D:4      | Reached XP level 6. HP: 16/28 MP: 0/11
  6768 | D:5      | Entered Level 5 of the Dungeon
  6996 | D:5      | Reached XP level 7. HP: 32/32 MP: 9/14
  7051 | D:5      | Killed from afar by an orc priest

Skill      XL: |  1  2  3  4  5  6 |
---------------+-------------------+-----
Short Blades   | 2 3 |  3.2
Hexes          | 4 5 6 7 |  7.1
Stealth        | 5 6 7 |  7.1
Spellcasting   | 3 4 |  4.5
Dodging        | |  3.0

Action                   |  1- 3 |  4- 6 |  7- 9 || total
-------------------------+-------+-------+-------++-------
Melee: Dagger            |   179 |   356 |    14 ||   549
 Cast: Corona            |     5 |       |       ||     5
       Ensorcelled Hiber |    11 |       |       ||    11
       Confuse           |     9 |    62 |     4 ||    75
  Use: Scroll            |       |     7 |       ||     7
       Potion            |       |     4 |       ||     4
 Stab: Sleeping          |    18 |    10 |       ||    28
       Confused          |     2 |    35 |     2 ||    39
       Distracted        |     1 |       |       ||     1
  Eat: Bread ration      |     1 |     1 |       ||     2
       Fruit             |       |     1 |       ||     1
       Royal jelly       |       |     1 |       ||     1
Armor: Robe              |    17 |    33 |     2 ||    52
Dodge: Dodged            |   142 |   216 |    13 ||   371
